AoeStats
← shockmystic

Lombardia

509013179Analyzed
4v4 RM · 8d ago on Sep 25, 2026· 32m 43s· 8 players
Game mode
Random Map
Map size
Large (8 player)
Population
200
Speed
Normal
Resources
Standard
Victory
Conquest
Starting age
Dark Age
Ending age
Imperial Age
RankedLock teamsTeams togetherTeam positionsShared explorationLock speedFull tech treeHidden civsTurbo modeCheats
Victory
Defeat
🇺🇸 Sicilians · United States
1270
+13
🇺🇸 Hindustanis · United States
1265
+13
🇺🇸 Saxons · United States
1264
+13
🇺🇸 Magyars · United States
1164
+19
🇺🇸 Varangians · United States
1291
-18
🇺🇸 Danes · United States
1195
-14
🇺🇸 Persians · United States
1188
-14
🇺🇸 Saxons · United States
1152
-12
Arrowhead
6:58 Loom
9:20 Feudal Age
9:52 Double-Bit Axe
9:58 Horse Collar
17:35 Wheelbarrow
21:23 Castle Age
21:25 Bloodlines
21:22 Scale Barding Armor
21:28 Forging
22:47 Bow Saw
22:20 Light Cavalry
23:01 Husbandry
25:01 Town Watch
26:15 Gold Mining
29:33 Chain Barding Armor
32:30 Hand Cart
FunkierHarp
11:02 Feudal Age
12:43 Double-Bit Axe
13:29 Loom
13:31 Horse Collar
18:31 Bloodlines
18:32 Scale Barding Armor
24:48 Castle Age
24:56 Town Watch
25:51 Wheelbarrow
25:08 Gold Mining
25:09 Stone Mining
26:05 Chain Barding Armor
27:02 Husbandry
26:23 Light Cavalry
28:30 Bow Saw
31:15 Hand Cart
andruwu
7:29 Loom
9:33 Feudal Age
10:16 Gold Mining
10:30 Double-Bit Axe
15:05 Fletching
17:04 Padded Archer Armor
22:41 Castle Age
21:28 Horse Collar
22:13 Stone Mining
22:43 Crossbowman
23:47 Bodkin Arrow
28:05 Wheelbarrow
29:01 Thumb Ring
29:20 Bow Saw
33:31 Imperial Age
33:14 Ballistics
hawkeyejnm
3:19 Loom
12:28 Feudal Age
16:59 Castle Age
15:22 Double-Bit Axe
15:39 Horse Collar
17:12 Gold Mining
18:15 Bow Saw
18:34 Fletching
20:10 Bodkin Arrow
22:10 Ballistics
22:35 Padded Archer Armor
23:30 Wheelbarrow
25:04 Husbandry
25:14 Bloodlines
26:47 Leather Archer Armor
33:16 Hand Cart
Bussa
10:56 Feudal Age
15:51 Castle Age
13:40 Double-Bit Axe
16:37 Loom
31:35 Fletching
shockmystic
7:44 Loom
9:55 Feudal Age
15:02 Castle Age
13:28 Double-Bit Axe
15:47 Fletching
17:36 Padded Archer Armor
17:44 Horse Collar
20:37 Bow Saw
22:07 Bloodlines
25:32 Bodkin Arrow
26:35 Leather Archer Armor
29:17 Husbandry
32:59 Wheelbarrow
32:10 Town Watch
3lbsofSalt[FAM]
7:57 Loom
10:03 Feudal Age
11:15 Double-Bit Axe
13:12 Town Watch
13:36 Horse Collar
20:07 Fletching
23:54 Castle Age
BiggestNerd
11:02 Feudal Age
12:19 Double-Bit Axe
12:25 Horse Collar
14:59 Castle Age
16:37 Wheelbarrow
16:25 Loom
17:03 Bow Saw
26:56 Scale Barding Armor
27:16 Husbandry
30:03 Chain Barding Armor
29:54 Forging
30:13 Bloodlines
Connection lost

Rejoining the realm…

Still unreachable

The connection could not be restored.

Session expired

The server has moved on; the page needs a fresh start.